 Dungeon Crawl Stone Soup version 0.23.2-40-g277498a001 (webtiles) character file.

Game seed: 2076511848096012946

53 BeastOfSaturn the Insei (level 3, -1/26 HPs)
             Began as a Demonspawn Transmuter on Oct 7, 2019.
             Succumbed to a kobold's poison
             ... on level 3 of the Dungeon.
             The game lasted 00:11:34 (2984 turns).

BeastOfSaturn the Insei (Demonspawn Transmuter)     Turns: 2984, Time: 00:11:34

Health: -1/26      AC:  6    Str: 11    XL:     3   Next: 64%
Magic:  6/6        EV:  9    Int: 14    God:
Gold:   82         SH:  0    Dex: 13    Spells: 5/6 levels left

rFire    . . .     SeeInvis .     - Unarmed
rCold    . . .     Gourm    .   (no shield)
rNeg     . . .     Faith    .   g - +0 scale mail (curse)
rPois    .         Spirit   .   (helmet restricted)
rElec    .         Reflect  .   (no cloak)
rCorr    .         Harm     .   (no gloves)
MR       .....                  (no boots)
Stlth    +.........             (no amulet)
HPRegen  0.08/turn              (no ring)
MPRegen  0.10/turn              (no ring)

@: lethally poisoned (-1 -> -33), very slightly contaminated
A: antennae 1, nightstalker 1
a: no special abilities


You were on level 3 of the Dungeon.
You were not hungry.

You visited 1 branch of the dungeon, and saw 3 of its levels.

You collected 82 gold pieces.

Inventory:

Missiles
 a - 57 arrows
 c - 119 stones (quivered)
Armour
 b - a +0 robe
 g - a cursed +0 scale mail (worn)
 j - a +0 pair of boots
Scrolls
 e - a scroll of identify
 h - a scroll of remove curse {unknown}
 i - 2 scrolls of amnesia {unknown}
 k - 2 scrolls of fear {unknown}
Potions
 f - 2 potions of curing
 l - 3 potions of heal wounds
 m - a potion of agility {unknown}
 o - a potion of cancellation {unknown}
 p - a potion of lignification {unknown}
Comestibles
 d - 4 rations


   Skills:
 + Level 1.1 Fighting
 + Level 2.2 Dodging
 + Level 3.8 Unarmed Combat
 - Level 2.0 Spellcasting
 + Level 1.9 Transmutations


You had 5 spell levels left.
You knew the following spells:

 Your Spells              Type           Power        Failure   Level  Hunger
a - Beastly Appendage     Tmut           #.....       56%         1    ##.....

Your spell library contained the following spells:

 Spells                   Type           Power        Failure   Level  Hunger
 Sticks to Snakes         Tmut           #.......     71%         2    ###....
 Spider Form              Tmut/Pois      #.........   97%         3    ####...
 Ice Form                 Ice/Tmut       #.......     100%        4    #####..
 Blade Hands              Tmut           #.........   100%        5    ######.


Dungeon Overview and Level Annotations

Branches:
Dungeon (3/15)

Altars:
Hepliaklqana
Kikubaaqudgha


Innate Abilities, Weirdness & Mutations

You have a pair of small antennae on your head.
You are slightly more attuned to the shadows.


Message History

You closely miss the kobold. Your punch misses the kobold.
You feel sick. The kobold hits you but does no damage.
The worm bites you but does no damage.
You feel sick.
The kobold unwields a +0 dagger.
The kobold wields a +0 blowgun.
The kobold shoots a poisoned needle.
The poisoned needle hits you!
You are more poisoned.
You see here 4 poisoned needles.
You feel sick.
* * * LOW HITPOINT WARNING * * *
You feel sick.
The kobold shoots a poisoned needle.
The poisoned needle hits you!
You are more poisoned.
You see here a poisoned needle.
* * * LOW HITPOINT WARNING * * *
You feel very sick.
The kobold shoots a poisoned needle.
The poisoned needle hits you.
You are more poisoned.
You see here a poisoned needle.
* * * LOW HITPOINT WARNING * * *
You feel sick.
You die...

. .# #..#.###.# .#+###.#.
#..#.#...
....##.#..#..#.#.###
....##.#..#........#
....##.#.....#.#.#.######
....##.#.....#..........#
.#<..........#.#........#
.#####.###...#.#........#
.# #.#.)...#.#@.......#
.#####†#.#<#.#.#........#
.......#.#.#.#.#(.......#
.......# ..#.#.#(#.######
......######.# #.#.#
>............# #K#.#
#.....######## #w#+#
#.....# #............
#.....# #............


You could see a worm and a kobold.

Vanquished Creatures
  An adder (D:2)
  A worm (D:2)
  A dart slug (D:1)
  A leopard gecko (D:1)
  3 giant cockroaches
  7 goblins
  5 hobgoblins
  2 jackals (D:1)
  5 bats (D:1)
  4 frilled lizards
  3 kobolds (D:1)
  5 rats
38 creatures vanquished.

Notes
Turn   | Place    | Note
-------+----------+-------------------------------------------
     0 | D:1      | BeastOfSaturn the Demonspawn Transmuter began the quest for
                  | the Orb.
     0 | D:1      | Reached XP level 1. HP: 15/15 MP: 3/3
    94 | D:1      | Reached skill level 3 in Unarmed Combat
   479 | D:1      | Gained mutation: You have a pair of small antennae on your
                  | head. [demonic ancestry]
   479 | D:1      | Reached XP level 2. HP: 20/21 MP: 3/5
  1774 | D:2      | Gained mutation: You are slightly more attuned to the
                  | shadows. [demonic ancestry]
  1774 | D:2      | Reached XP level 3. HP: 21/26 MP: 6/6
  2127 | D:2      | Found an ancient bone altar of Kikubaaqudgha.
  2642 | D:2      | Found a hazy altar of Hepliaklqana.
  2984 | D:3      | Succumbed to a kobold's poison

Skill      XL: |  1 |
---------------+----+-----
Unarmed Combat | 3 |  3.8
Dodging        | 2 |  2.2
Fighting       | |  1.1
Spellcasting   | |  2.0
Transmutations | |  1.9

Action                   || total
-------------------------++-------
Melee: Unarmed           ||   171
       Punch             ||     1
Throw: Stone             ||     2
 Cast: Beastly Appendage ||     1
  Use: Scroll            ||     2
 Stab: Sleeping          ||     2
  Eat: Ration            ||     2
Armor: Robe              ||    21
       Scale mail        ||    29
Dodge: Dodged            ||    74
